Map: Eflorescencia EE

Players

TATORREA - Winner!

  • Race: Protoss Protoss
  • League: Gold
  • Spawn Location: 6:00

MrFercho - Winner!

  • Race: Zerg Zerg
  • League: Silver
  • Spawn Location: 9:00

Lemaroy

  • Race: Terran Terran
  • Spawn Location: 12:00

Sebas

  • Race: Terran Terran
  • Spawn Location: 3:00

VOD

Have the link to the VOD?

Description

Time

  • Played on: July 12, 2020, 8:59 p.m.
  • Length: 19:35
Show
View Real Time Build Order
Export as new Build Order

TATORREA Protoss - Winner!

Build Orders: 1 Gate Expand, Blink Stalkers 

Get SALT Encoding   

  12  0:01  Probe  
  13  0:13  Probe  
  14  0:21  Pylon  
  14  0:25  Probe  
  15  0:39  Probe  
  16  0:44  Gateway  
  16  0:48  Probe  
  16  0:51  Assimilator  
  16  0:56  Probe  
  18  1:05  Pylon, Probe  
  19  1:17  Probe  
  20  1:29  Probe  
  21  1:42  Probe  
  21  1:43  Nexus  
  22  1:52  Probe  
  22  1:53  Pylon  
  23  2:00  Probe  
  23  2:02  Assimilator  
  24  2:11  Probe  
  25  2:24  Probe  
  25  2:25  Cybernetics Core  
  26  2:36  Probe  
  27  2:40  Gateway  
  27  2:42  Gateway  
  27  2:48  Probe  
  28  2:54  Pylon  
  28  2:57  Probe  
  29  3:01  Probe  
  27  3:14  Probe x2  
  27  3:17  Warp Gate  
  27  3:18  Stalker  
  31  3:26  Probe x2  
  33  3:30  Twilight Council  
  33  3:36  Stalker  
  33  3:38  Sentry  
  33  3:39  Probe  
  33  3:40  Probe  
  39  3:47  Blink  
  39  3:54  Probe  
  41  3:55  Robotics Facility, Probe  
  41  4:06  Probe  
  41  4:07  Probe  
  43  4:19  Probe x2  
  45  4:27  Nexus  
  45  4:30  Pylon  
  45  4:35  Probe  
  45  4:36  Probe  
  47  4:44  Observer  
  48  4:45  Assimilator  
  48  4:47  Probe  
  48  4:48  Probe  
  48  4:52  Assimilator  
  50  4:55  Stalker x2  
  50  4:56  Stalker  
  50  4:59  Probe  
  57  5:00  Probe  
  58  5:11  Stargate  
  58  5:16  Probe x2  
  60  5:26  Immortal  
  65  5:28  Probe  
  65  5:32  Probe  
  66  5:44  Probe x3  
  66  5:47  Stalker x3  
  75  5:50  Charge  
  75  5:56  Probe x3  
  78  6:00  Assimilator  
  78  6:01  Pylon  
  78  6:02  Assimilator  
  78  6:04  Phoenix  
  78  6:06  Pylon  
  78  6:08  Probe x3  
  83  6:20  Probe x3  
  86  6:29  Phoenix  
  86  6:31  Protoss Air Weapons Level 1  
  86  6:32  Stalker, Probe x3  
  92  6:33  Stalker x2  
  82  7:07  Nexus  
  72  7:08  Pylon  
  72  7:12  Pylon  
  72  7:21  Probe x3  
  75  7:33  Probe x3  
  76  7:38  Phoenix  
  77  7:45  Probe x3  
  80  7:57  Probe x3  
  83  7:59  Stalker x3  
  83  8:02  Assimilator  
  83  8:03  Phoenix  
  91  8:08  Assimilator  
  91  8:09  Probe x3  
  91  8:11  Forge  
  91  8:12  Forge  
  94  8:14  Forge  
  94  8:16  Templar Archives  
  94  8:22  Fleet Beacon  
  94  8:24  Stargate  
  94  8:25  Probe x3  
  97  8:27  Stargate  
  97  8:29  Probe  
  98  8:37  Probe x2  
  98  8:38  Probe  
  98  8:40  Stalker x3  
  107  8:41  Gateway  
  107  8:43  Gateway, Protoss Ground Weapons Level 1  
  107  8:44  Protoss Ground Armor Level 1  
  107  8:46  Immortal  
  107  8:47  Protoss Shields Level 1  
  111  8:52  Phoenix  
  113  9:02  Probe  
  114  9:03  Probe  
  114  9:04  Probe x2  
  117  9:14  Probe  
  117  9:15  Probe  
  119  9:30  Nexus  
  119  9:33  Pylon  
  119  9:36  Pylon  
  106  9:47  Stalker  
  106  9:50  Stalker  
  106  9:52  Stalker x3  
  101  10:01  Probe x2  
  101  10:02  Probe x2  
  105  10:13  Probe  
  105  10:14  Probe x3  
  108  10:17  Stalker x2  
  108  10:18  Stalker x3  
  119  10:25  Probe  
  119  10:26  Tempest, Probe x3  
  119  10:27  Tempest, Carrier  
  143  10:35  Immortal  
  143  10:37  Probe  
  143  10:38  Protoss Air Weapons Level 2, Probe  
  145  10:50  Gateway  
  145  10:53  Pylon  
  145  10:57  Pylon  
  145  11:07  Pylon  
  145  11:11  Pylon  
  145  11:12  Gateway  
  145  11:13  Stalker x3  
  145  11:14  Stalker x2, Gateway  
  145  11:17  Gateway  
  96  11:42  Stalker x4  
  96  11:43  Stalker  
  98  11:56  Protoss Ground Armor Level 2, Protoss Ground Weapons Level 2  
  98  11:57  Stalker  
  98  12:01  Protoss Shields Level 2  
  92  12:05  Probe x4  
  94  12:12  Tempest x2, Carrier  
  110  12:17  Probe x3  
  110  12:18  Probe  
  114  12:48  Assimilator  
  114  12:54  Gateway  
  114  12:55  Gateway, Tempest, Carrier  
  114  12:56  Stalker x2, Assimilator, Gateway  
  114  12:57  Gateway x2  
  129  12:59  Gateway  
  129  13:00  Gateway  
  129  13:02  Gateway  
  129  13:16  Protoss Air Weapons Level 3, Tempest  
  129  13:17  Gateway  
  129  13:19  Gateway  
  134  13:22  Gateway, Stalker x2  
  134  13:23  Stalker x2  
  134  13:24  Stalker  
  134  13:26  Stalker  
  146  13:38  Carrier  
  152  13:59  Tempest  
  121  14:18  Stalker x3  
  121  14:19  Stalker x2  
  121  14:20  Stalker x4  
  121  14:21  Stalker x4  
  121  14:22  Stalker x2  
  151  14:49  Probe  
  152  14:55  Tempest, Carrier  
  152  14:59  Tempest  
  168  15:10  Protoss Ground Weapons Level 3  
  168  15:12  Stalker x2  
  168  15:13  Stalker x2, Protoss Ground Armor Level 3  
  176  15:15  Nexus  
  176  15:16  Assimilator  
  176  15:18  Protoss Shields Level 3, Pylon  
  176  15:22  Pylon  
  128  16:13  Stalker  
  128  16:14  Stalker x4  
  128  16:15  Stalker x4  
  128  16:16  Stalker x3  
  128  16:17  Stalker x4  
  128  16:18  Stalker  
  120  16:46  Stalker x2  
  120  16:47  Stalker x3  
  124  16:48  Stalker x3  
  124  16:51  Gateway  
  124  16:52  Gateway  
  132  16:54  Gateway  
  106  17:11  Stalker  
  106  17:12  Stalker x4  
  106  17:13  Stalker x2  
  106  17:14  Stalker x2  
  106  17:15  Stalker  
  118  17:25  Stalker x2  
  118  17:26  Stalker  
  118  17:27  Stalker  
  118  17:28  Probe  
  118  17:29  Probe  
  128  17:35  High Templar x5  
  128  17:36  High Templar x2  
  142  17:37  High Templar x3  
  142  17:40  Archon x3  
  142  17:41  Archon  
  142  17:42  Archon  
  148  17:49  High Templar x2  
  148  17:50  High Templar x3  
  158  17:54  Stalker  
  158  17:55  Zealot x2  
  158  17:56  Zealot  
  158  17:57  Archon  
  158  17:58  Archon  
  156  18:31  Stalker x4  
  156  18:32  Stalker x5  
  156  18:33  Stalker  
  176  18:34  Stalker x2  
  176  18:35  Stalker x2  
  182  19:22  Stalker  
  182  19:23  Stalker x5  
  184  19:24  Stalker x3  
  184  19:25  Stalker x4  
  184  19:26  Stalker  
Show
View Real Time Build Order
Export as new Build Order

MrFercho Zerg - Winner!

Build Orders: Hatch First, Lurkers 

Get SALT Encoding   

  12  0:01  Drone  
  13  0:19  Overlord  
  13  0:21  Drone  
  14  0:38  Drone x2  
  16  0:56  Drone  
  17  0:57  Drone  
  17  0:59  Hatchery  
  17  1:03  Drone  
  18  1:12  Extractor  
  17  1:20  Spawning Pool  
  17  1:23  Drone  
  17  1:26  Drone  
  18  1:35  Drone  
  19  1:46  Drone  
  20  1:59  Overlord  
  20  2:07  Queen  
  22  2:12  Queen  
  22  2:13  Overlord  
  22  2:14  Drone  
  25  2:18  Drone  
  25  2:22  Drone  
  27  2:29  Drone  
  28  2:31  Metabolic Boost  
  28  2:33  Drone  
  29  2:40  Drone  
  30  2:44  Drone  
  31  3:12  Zergling x4  
  33  3:18  Drone x4  
  37  3:30  Evolution Chamber  
  37  3:31  Drone  
  37  3:32  Drone x4  
  41  3:39  Overlord  
  41  3:40  Overlord  
  41  3:59  Zergling x2  
  41  4:00  Zergling x8  
  46  4:05  Hatchery  
  46  4:08  Lair  
  45  4:17  Zergling x10  
  45  4:18  Zergling x4  
  52  4:29  Zerg Melee Weapons Level 1  
  52  4:30  Baneling Nest  
  51  4:31  Drone x4  
  51  4:32  Drone  
  51  4:35  Extractor  
  51  4:37  Extractor  
  54  5:14  Overlord x3  
  54  5:15  Overlord  
  54  5:25  Spore Crawler  
  54  5:28  Overlord x2, Spine Crawler  
  52  5:31  Spine Crawler  
  52  5:33  Overseer  
  51  5:42  Drone  
  52  5:43  Drone x7  
  52  5:45  Queen  
  61  5:56  Hatchery  
  60  6:06  Drone x5  
  60  6:07  Drone  
  60  6:08  Centrifical Hooks  
  66  6:11  Baneling  
  66  6:12  Baneling x7  
  66  6:42  Zergling x14  
  66  6:43  Zergling x12  
  78  7:21  Zergling x16  
  78  7:22  Zergling x6  
  89  7:30  Hydralisk Den  
  89  7:35  Evolution Chamber  
  87  7:38  Extractor  
  86  7:45  Drone x3  
  86  7:46  Drone x5  
  86  7:47  Infestation Pit  
  93  7:58  Drone x3  
  96  8:04  Extractor  
  95  8:06  Extractor  
  95  8:12  Overlord x2  
  94  8:13  Overlord  
  94  8:27  Hive  
  94  8:29  Zerg Ground Armor Level 1  
  94  8:30  Zerg Melee Weapons Level 2  
  94  8:33  Zergling x2  
  94  8:34  Zergling x24  
  102  8:37  Baneling x9  
  102  8:38  Baneling x9  
  102  8:39  Baneling x2  
  107  8:47  Muscular Augments  
  107  9:17  Lurker Den  
  107  9:21  Hydralisk x4  
  114  9:25  Zergling x26  
  77  10:14  Pneumatized Carapace  
  77  10:16  Seismic Spines  
  77  10:18  Grooved Spines  
  77  10:20  Zergling x24  
  89  10:38  Spore Crawler  
  89  10:41  Spine Crawler  
  87  10:47  Drone x6  
  93  10:58  Zerg Melee Weapons Level 3  
  93  10:59  Zerg Ground Armor Level 2  
  93  11:00  Hatchery  
  93  11:01  Adrenal Glands  
  92  11:06  Lurker  
  92  11:07  Lurker x3  
  92  11:08  Hatchery, Hydralisk x3  
  101  11:13  Adaptive Talons  
  101  11:15  Drone x9  
  110  11:21  Baneling  
  110  11:22  Baneling x8  
  76  12:00  Hydralisk x12  
  76  12:01  Hydralisk  
  97  12:04  Zergling x12  
  105  12:21  Hatchery  
  104  12:23  Extractor  
  104  12:28  Extractor  
  104  12:29  Nydus Network  
  101  12:53  Drone x16  
  101  12:54  Drone  
  101  12:55  Drone x4  
  122  12:58  Zergling x2  
  122  12:59  Zergling x16  
  122  13:02  Overlord  
  122  13:03  Overlord x4  
  131  13:25  Zergling x2  
  131  13:26  Zergling x38  
  151  13:31  Baneling x7  
  151  13:32  Baneling x6  
  151  13:36  Lurker x9  
  151  13:39  Hydralisk  
  151  13:40  Hydralisk  
  164  13:47  Spire  
  137  14:27  Zergling x2  
  137  14:28  Zergling x44  
  137  14:29  Zergling x18  
  169  14:32  Overseer  
  169  14:44  Zerg Ground Armor Level 3  
  169  14:45  Zerg Missile Weapons Level 1  
  169  15:08  Greater Spire  
  169  15:29  Overlord x3  
  169  15:30  Overlord x4  
  169  15:31  Overlord x2  
  169  15:34  Extractor  
  168  15:38  Extractor  
  121  16:05  Hydralisk x21  
  121  16:06  Hydralisk x11  
  157  16:25  Zergling x14  
  152  17:02  Zergling x26  
  152  17:03  Zergling x16  
  172  17:29  Hatchery  
  171  17:40  Hydralisk x6  
  171  17:41  Hydralisk x8  
  178  18:29  Lurker x12  
  178  18:30  Lurker x2  
  178  18:32  Zergling x2  
  178  18:33  Zergling x12  
  183  19:04  Baneling x12  
  183  19:05  Baneling x2  
Show
View Real Time Build Order
Export as new Build Order

Lemaroy Terran 

Build Orders: Reaper Expand 

Get SALT Encoding   

  12  0:02  SCV  
  13  0:14  SCV  
  14  0:24  Supply Depot  
  14  0:42  Refinery  
  14  0:49  Barracks  
  14  0:50  SCV  
  15  1:02  SCV  
  16  1:14  SCV  
  17  1:26  SCV  
  18  1:38  SCV  
  19  1:44  Command Center  
  19  1:46  Reaper  
  20  1:56  Orbital Command, Refinery  
  20  2:27  SCV  
  21  2:36  Factory  
  21  2:46  Barracks Tech Lab  
  21  2:47  SCV  
  22  2:59  SCV  
  23  3:07  Orbital Command  
  23  3:11  SCV  
  23  3:24  SCV  
  24  3:27  Barracks Tech Lab  
  24  3:32  Factory  
  24  3:34  SCV  
  25  3:36  SCV  
  26  3:46  SCV  
  26  3:47  Supply Depot  
  26  3:48  Cyclone, SCV  
  31  3:58  SCV  
  31  4:00  SCV  
  33  4:05  Refinery  
  33  4:10  SCV  
  33  4:11  Refinery  
  33  4:12  SCV  
  35  4:20  Cyclone  
  35  4:22  SCV  
  39  4:24  SCV  
  39  4:25  Barracks Reactor  
  39  4:27  Supply Depot  
  39  4:28  Cyclone  
  43  4:34  SCV  
  43  4:36  SCV  
  45  4:46  SCV  
  45  4:49  SCV  
  45  4:52  Supply Depot, Cyclone  
  50  4:58  SCV  
  50  4:59  Supply Depot  
  51  5:00  Cyclone  
  54  5:09  Armory  
  54  5:14  SCV x2  
  56  5:16  Armory  
  56  5:24  Cyclone  
  56  5:25  Supply Depot  
  56  5:27  Supply Depot  
  59  5:32  Cyclone  
  62  5:48  Supply Depot  
  62  5:50  Supply Depot  
  62  6:01  Terran Vehicle Weapons Level 1  
  62  6:02  Starport  
  62  6:04  Starport  
  62  6:18  Cyclone  
  62  6:19  Cyclone  
  62  6:23  Supply Depot, Command Center  
  62  6:24  Supply Depot  
  68  6:32  Command Center  
  68  6:41  Terran Vehicle And Ship Armor Level 1  
  68  6:47  Supply Depot, Starport Tech Lab  
  68  6:58  Cyclone x2  
  74  7:30  Cyclone x2  
  80  7:44  Factory  
  80  7:54  Supply Depot, Factory  
  80  7:56  Supply Depot  
  80  7:57  Supply Depot x2  
  80  7:58  Orbital Command  
  80  8:00  SCV  
  80  8:01  SCV x2  
  80  8:02  Cyclone x2  
  89  8:13  SCV x3  
  92  8:30  Refinery  
  92  8:34  Thor x2  
  92  8:36  Refinery  
  92  8:38  Factory Tech Lab  
  104  8:42  Factory Tech Lab  
  104  8:43  Terran Vehicle Weapons Level 2  
  104  8:51  Terran Vehicle And Ship Armor Level 2  
  104  9:11  SCV x2  
  104  9:12  SCV x2  
  108  9:20  Supply Depot  
  108  9:21  Supply Depot  
  108  9:23  Supply Depot, Thor x2, SCV  
  121  9:41  SCV x2  
  121  9:42  SCV  
  121  9:43  Refinery  
  124  9:47  Refinery  
  124  9:48  Raven  
  78  10:30  Thor  
  78  10:31  Thor x2, Raven  
  98  10:38  SCV  
  99  10:49  SCV x3  
  102  10:50  SCV  
  102  10:51  Thor  
  109  11:02  SCV  
  110  11:11  SCV  
  110  11:12  SCV x2  
  110  11:13  Thor  
  110  11:14  SCV  
  120  11:24  Viking, SCV  
  120  11:25  Viking x2  
  127  11:47  Hellion x3  
  133  11:52  Infernal Pre-Igniter  
  133  11:54  Viking x2, Terran Vehicle Weapons Level 3  
  133  11:55  Viking, Terran Vehicle And Ship Armor Level 3  
  133  11:57  Hellion  
  141  12:08  Hellion x3  
  147  12:12  Supply Depot  
  147  12:18  Hellion  
  149  12:24  Viking x2  
  149  12:25  Viking  
  149  12:29  Hellion x2  
  161  12:30  Hellion  
  161  12:36  SCV x4  
  165  12:39  Hellion  
  167  12:48  SCV  
  167  12:51  Hellion x3  
  174  12:54  Viking x2  
  174  12:55  Viking  
  180  13:00  Engineering Bay  
  180  13:01  Hellion  
  182  13:12  Hellion x2  
  186  13:16  Thor  
  192  13:22  Thor  
  192  13:24  Viking  
  196  13:59  Thor  
  174  14:28  Hellion x3  
  180  14:43  Hellion  
  182  14:49  Hellion x3  
  188  14:55  Command Center  
  188  15:01  Terran Ship Weapons Level 1  
  188  15:04  Command Center, Hellion  
  190  15:10  Hellion  
  190  15:11  Hellion x2  
  196  15:25  Hellion  
  198  15:32  Hellion  
  200  15:47  Hellion  
  194  15:53  Hellion  
  141  16:37  Thor x3, Hellbat  
  161  16:58  Thor  
  105  17:19  Thor  
  105  17:20  Thor x2  
  114  17:41  Thor  
  120  17:50  Factory  
  120  17:51  Factory  
  120  17:53  Factory  
  120  18:02  Thor x2  
  120  18:03  Thor  
  120  18:04  Planetary Fortress  
  138  18:23  Thor  
  142  18:46  Hellbat  
  120  19:07  Hellbat x2  
Show
View Real Time Build Order
Export as new Build Order

Sebas Terran 

Build Orders:  

Get SALT Encoding   

  12  0:02  SCV  
  13  0:14  SCV  
  13  0:19  Supply Depot  
  14  0:26  SCV  
  15  0:41  SCV  
  16  0:45  Barracks  
  16  0:53  SCV  
  16  0:54  Refinery  
  17  1:05  Supply Depot, SCV  
  18  1:17  SCV  
  19  1:32  Orbital Command  
  19  1:33  Marine  
  20  1:46  Refinery  
  20  1:50  Marine  
  21  1:58  SCV  
  22  2:10  SCV  
  23  2:17  Marine  
  23  2:19  Factory  
  23  2:22  SCV  
  25  2:34  SCV  
  25  2:35  Engineering Bay  
  26  2:37  Barracks Reactor  
  26  2:42  Barracks  
  26  2:46  SCV  
  27  3:00  Command Center  
  27  3:06  Terran Infantry Armor Level 1  
  27  3:12  Supply Depot  
  27  3:15  Factory Tech Lab  
  27  3:19  Marine x2  
  29  3:26  SCV  
  30  3:37  Barracks Reactor  
  30  3:38  Starport  
  30  3:40  Marine x2  
  32  3:46  Supply Depot  
  32  3:48  Supply Depot  
  32  4:01  Siege Tank  
  35  4:08  Marine x2  
  37  4:18  Engineering Bay, SCV  
  37  4:22  Orbital Command  
  38  4:26  Starport Reactor  
  38  4:34  Starport  
  38  4:36  SCV  
  39  4:43  Supply Depot  
  39  4:47  Terran Infantry Weapons Level 1  
  39  4:48  SCV  
  39  4:51  Marine x2  
  42  5:11  Medivac x2  
  42  5:13  Starport Reactor  
  46  5:22  Armory  
  46  5:24  SCV x2  
  48  5:35  Refinery  
  48  5:36  SCV x2  
  48  5:39  Refinery  
  50  5:45  Siege Tank  
  50  5:48  Marine x2, SCV x2  
  50  5:49  Marine x2  
  59  6:05  Marine  
  59  6:06  Marine  
  59  6:07  Marine x2  
  63  6:16  Medivac  
  63  6:17  Medivac  
  67  6:23  Marine  
  67  6:24  Marine x2  
  67  6:25  Marine  
  71  6:26  SCV x2  
  73  6:38  SCV  
  73  6:39  Supply Depot x2, SCV  
  75  6:41  Marine  
  75  6:42  Marine  
  77  6:50  SCV  
  65  7:10  Marine x2  
  65  7:11  Marine x2  
  65  7:14  Siege Tank  
  70  7:16  Terran Infantry Armor Level 2  
  70  7:18  Terran Infantry Weapons Level 2  
  70  7:28  Marine x3  
  70  7:29  Marine  
  74  7:31  Missile Turret x2  
  74  7:33  Missile Turret  
  74  7:46  Marine x3, Siege Tank  
  74  7:47  Marine  
  81  7:54  Supply Depot  
  81  7:55  Supply Depot  
  81  8:04  Marine x3  
  84  8:12  Medivac x2  
  88  8:19  Marine  
  88  8:22  Marine x3, Siege Tank  
  95  8:33  Supply Depot  
  95  8:37  Marine  
  95  8:39  Marine  
  95  8:40  Marine x2  
  99  8:44  Barracks  
  99  8:55  Marine  
  99  8:57  Marine x2  
  99  8:58  Marine  
  103  9:13  Marine  
  103  9:15  Command Center, Marine x2  
  106  9:20  Marine  
  107  9:31  Marine  
  108  9:33  Marine x2  
  108  9:38  Marine  
  96  9:58  Marine  
  96  9:59  Marine  
  92  10:00  Marine  
  93  10:19  Marine x4  
  98  10:23  Barracks Reactor  
  97  10:37  Marine x4  
  101  10:52  Terran Infantry Weapons Level 3  
  101  10:53  Supply Depot  
  101  10:54  Terran Infantry Armor Level 3, Marine x4  
  101  10:55  Supply Depot  
  105  11:05  Marine x2  
  107  11:12  Marine x4  
  111  11:22  Marine  
  111  11:23  Marine  
  113  11:30  Marine x3  
  101  11:52  Marine  
  101  11:53  Marine x5  
  73  12:09  Siege Tank  
  73  12:10  Marine x2  
  73  12:11  Marine x4  
  82  12:28  Marine x2  
  84  12:37  Planetary Fortress  
  84  12:40  Marine x3  
  84  12:41  Marine, Siege Tank  
  91  12:46  Marine x2  
  93  12:58  Marine x4  
  93  12:59  SCV x2  
  93  13:04  Marine x2  
  101  13:11  SCV x2  
  103  13:13  Siege Tank  
  103  13:16  Marine x4, Refinery  
  103  13:19  Viking  
  112  13:20  Viking x3  
  112  13:23  SCV x2  
  120  13:35  Refinery  
  120  13:38  Marine x2  
  120  13:39  Marine x4  
  126  13:45  Siege Tank  
  129  13:49  Viking  
  129  13:50  Viking x2  
  135  13:56  Marine x3  
  135  13:57  Marine x3  
  121  14:14  Marine x4  
  121  14:15  Marine x2  
  94  14:17  Siege Tank  
  97  14:32  Marine x6  
  103  14:49  Viking  
  103  14:50  Viking x3, Marine x6  
  117  14:55  Terran Vehicle And Ship Armor Level 1  
  117  15:07  Marine  
  117  15:08  Marine x5  
  123  15:25  Marine x3  
  123  15:26  Marine x3  
  129  15:32  Medivac x2  
  133  15:39  Command Center  
  131  15:43  Marine x4  
  131  15:44  Marine x2  
  68  16:09  Marine x4  
  68  16:10  Marine x2  
  61  16:21  Command Center  
  59  16:27  Marine x2  
  61  17:00  Command Center  
  61  17:07  Marine x5  
  61  17:08  Marine  
  67  17:24  Marine  
  67  17:25  Marine x3  
  71  17:46  Marine x2  
  72  18:01  Marine x4  
  72  18:04  Marine x2  
  62  18:19  Marine x4  
  66  18:22  Marine x2  
  40  18:37  Marine x4  
  40  18:38  Siege Tank  
  40  18:39  Marine  
  40  18:40  Marine  
  38  18:54  Marine  
  38  18:55  Marine x3  
Tags
 
Add a new tag
Caveats
  • Supply blocks, unpowered buildings, or Contaminate may cause inaccurate times.
  • Supply counts are checked every 10 seconds.